 Dungeon Crawl Stone Soup version 0.22-a0-322-g60b3cfd (webtiles) character file.

700 Amnesiac the Zephyrmancer (level 7, -7/38 HPs)
             Began as a Tengu Air Elementalist on Apr 2, 2018.
             Mangled by Duvessa
             ... wielding a +0 rapier
              (22 damage)
             ... on level 4 of the Dungeon.
             The game lasted 00:10:23 (5232 turns).

Amnesiac the Zephyrmancer (Tengu Air Elementalist)  Turns: 5232, Time: 00:10:24

Health: -7/38      AC:  3    Str:  8    XL:     7   Next: 65%
Magic:  13/15      EV: 14    Int: 18    God:
Gold:   253        SH:  0    Dex: 14    Spells: 8/16 levels left

rFire    . . .     SeeInvis .   n - +4 blowgun
rCold    . . .     Gourm    .   (no shield)
rNeg     . . .     Faith    .   a - +0 robe
rPois    .         Spirit   .   (helmet restricted)
rElec    .         Reflect  .   (no cloak)
rCorr    .         Harm     +   s - +0 pair of gloves
MR       .....                  (boots unavailable)
Stlth    ++........             r - amulet of harm
HPRegen  0.12/turn              (no ring)
MPRegen  0.14/turn              (no ring)

@: very slightly contaminated
A: beak, talons 3, able to fly 1
a: Fly


You were on level 4 of the Dungeon.
You were not hungry.

You visited 1 branch of the dungeon, and saw 4 of its levels.
You also visited: Sewer.

You collected 253 gold pieces.

Inventory:

Hand Weapons
 n - a +4 blowgun (weapon)
 u - a +1 dagger of draining
Missiles
 e - 13 poisoned needles
 o - a curare-tipped needle (quivered)
Armour
 a - a +0 robe (worn)
 s - a +0 pair of gloves (worn)
Jewellery
 r - an amulet of harm (around neck)
Scrolls
 f - 3 scrolls of remove curse {!r}
 q - a scroll of teleportation {!r}
 t - a scroll of identify {!r}
Potions
 b - 2 potions of cancellation {!q, unknown}
 d - a potion of curing {!q, unknown}
 g - 4 potions of heal wounds {!q, unknown}
 h - a potion of magic {!q, unknown}
 j - a potion of might {!q, unknown}
 k - a potion of experience {!q}
 l - 2 potions of brilliance {!q, unknown}
 m - a potion of lignification {!q, unknown}
 p - a potion of haste {!q}
Comestibles
 c - 8 rations
 i - 21 chunks of flesh


   Skills:
 + Level 1.5 Fighting
 * Level 3.6 Dodging
 - Level 2.0 Stealth
 + Level 5.1 Spellcasting
 - Level 1.3 Conjurations
 - Level 8.0 Air Magic


You had 8 spell levels left.
You knew the following spells:

 Your Spells              Type           Power        Failure   Level  Hunger
a - Shock                 Conj/Air       ###.         1%          1    None
c - Swiftness             Chrm/Air       ###.....     3%          2    #......
d - Airstrike             Air            ####......   4%          4    ####...
z - Confusing Touch       Hex            #.....       13%         1    None


Dungeon Overview and Level Annotations

Branches:
Dungeon (4/15)
 Temple: D:4-7

Altars:
Wu Jian
Zin
The Shining One

Annotations:
D:4 Duvessa; xccam's ghost, novice FoFi


Innate Abilities, Weirdness & Mutations

You have a beak for a mouth.
You have claws for feet.
You can fly.


Message History

Duvessa is moderately wounded.
You hear a shout!
Dowan casts a spell.
Dowan blinks!
An orc comes into view. It is wielding a falchion.
Unknown command.
Casting: Shock (safe; 1% risk of failure)
Confirm with . or Enter, or press ? or * to list all spells.
Aiming: Shock (safe; 1% risk of failure)
Press: ? - help, Shift-Dir - straight line, f - Dowan
Aim: Dowan, wielding a dagger of venom and wearing a robe (almost dead, slow, poisoned)
You miscast Shock.
You are very lightly contaminated with residual magic.
Nothing appears to happen.
Unknown command.
Casting: Shock (safe; 1% risk of failure)
Confirm with . or Enter, or press ? or * to list all spells.
Aiming: Shock (safe; 1% risk of failure)
Press: ? - help, Shift-Dir - straight line, f/p - Dowan
Aim: Dowan, wielding a dagger of venom and wearing a robe (almost dead, slow, poisoned)
The zap hits Dowan.
You kill Dowan!
You hear a distant scream of rage.
Unknown command.
You start resting.
Magic restored.
Casting: Shock (safe; 1% risk of failure)
Confirm with . or Enter, or press ? or * to list all spells.
Aiming: Shock (safe; 1% risk of failure)
Press: ? - help, Shift-Dir - straight line The zap hits Duvessa.
Duvessa appears unharmed.
Duvessa is heavily wounded.
The zap hits Duvessa.
Duvessa is heavily wounded.
Duvessa goes berserk!
Unknown command.
Casting: Shock (safe; 1% risk of failure)
Confirm with . or Enter, or press ? or * to list all spells.
You miscast Confusing Touch.
The light around you dims momentarily.
Firing (i - inventory. (/) - cycle)
o - 4 curare-tipped needles (quivered)
Press: ? - help, Shift-Dir - straight line, f - Duvessa
Aim: Duvessa, wielding a rapier and wearing a chain mail (heavily wounded, berserk, fast, unusually strong)
You shoot a curare-tipped needle. The curare-tipped needle hits Duvessa.
Duvessa is poisoned.
Duvessa convulses.
Duvessa seems to slow down.
Duvessa is severely wounded.
Duvessa is no longer moving slowly.
Duvessa rages.
Duvessa looks more healthy.
Duvessa hits you with a rapier! Duvessa barely misses you.
You see here the felid skeleton of Natasha.
Firing (i - inventory. (/) - cycle)
o - 3 curare-tipped needles (quivered)
Press: ? - help, Shift-Dir - straight line, f/p - Duvessa
Aim: Duvessa, wielding a rapier and wearing a chain mail (almost dead, berserk, fast, unusually strong)
You shoot a curare-tipped needle.
The curare-tipped needle barely misses Duvessa.
Duvessa hits you with a rapier!
* * * LOW HITPOINT WARNING * * *
Firing (i - inventory. (/) - cycle)
o - 2 curare-tipped needles (quivered)
Press: ? - help, Shift-Dir - straight line, f/p - Duvessa
Aim: Duvessa, wielding a rapier and wearing a chain mail (almost dead, berserk, fast, unusually strong)
You shoot a curare-tipped needle.
The curare-tipped needle barely misses Duvessa.
Duvessa hits you with a rapier!!
Ouch! That really hurt!
You die...

###..##.#)..#.##........#####
......####)####.........#
###.....#...#...........#
#.###.##)##....########
#.###..#)#....## #####
#........(.#.## ##...#
########.###.# ##### ##.....
#.# #.####...#####...... #.#
#..@e..)))(........< #.#
#####.o............. #.#
#.....#####..... #.# ##...##
#....# #.########.#.## #)....
#.........###.# ######
########.#.## ##.## ###


You could see Duvessa (berserk) and an orc.

Vanquished Creatures
  Eustachio (D:4)
  Dowan (D:4)
  3 orc priests
  3 orc wizards
  A centaur skeleton (D:4)
  Natasha (twice) (D:4)
  A worker ant (D:4)
  4 gnolls (D:4)
  6 adders
  An ooze (D:2)
  2 worms
  3 dart slugs
  2 leopard geckos
  8 orcs
  7 ball pythons
  6 bats
  3 giant cockroaches
  15 goblins
  9 hobgoblins
  18 jackals
  10 kobolds
  2 quokkas (D:4)
  9 frilled lizards
  A quokka skeleton (D:4)
  12 rats
  A plant (Sewer)
131 creatures vanquished.

Vanquished Creatures (others)
  A plant (Sewer)
1 creature vanquished.

Grand Total: 132 creatures vanquished

Notes
Turn   | Place    | Note
-------+----------+-------------------------------------------
     0 | D:1      | Amnesiac the Tengu Air Elementalist began the quest for the Orb.
     0 | D:1      | Reached XP level 1. HP: 10/10 MP: 4/4
   325 | D:1      | Reached XP level 2. HP: 15/15 MP: 0/6
   376 | D:1      | Learned a level 2 spell: Swiftness
   412 | D:1      | Found a glowing golden altar of the Shining One.
   577 | D:1      | Reached skill level 5 in Air Magic
   636 | D:2      | Reached XP level 3. HP: 7/19 MP: 1/7
   841 | D:2      | Learned a level 3 spell: Static Discharge
  1938 | D:2      | Learned a level 1 spell: Confusing Touch
  2163 | D:2      | Reached XP level 4. HP: 24/24 MP: 6/9
  2330 | D:3      | Reached skill level 6 in Air Magic
  2435 | D:3      | Found a glowing drain.
  2529 | Sewer    | Entered a sewer
  2643 | Sewer    | Learned a level 4 spell: Airstrike
  3104 | Sewer    | Gained mutation: You can fly. [Tengu growth]
  3104 | Sewer    | Reached XP level 5. HP: 28/28 MP: 4/10
  3674 | D:3      | Reached skill level 7 in Air Magic
  4218 | D:3      | Reached XP level 6. HP: 32/32 MP: 5/12
  4495 | D:4      | Reached skill level 8 in Air Magic
  4540 | D:4      | Noticed xccam's ghost (novice FoFi)
  4637 | D:4      | Noticed Eustachio
  4641 | D:4      | Found a glowing silver altar of Zin.
  4647 | D:4      | Killed Eustachio
  4647 | D:4      | Reached XP level 7. HP: 36/36 MP: 9/15
  4896 | D:4      | Found an ornate altar of the Wu Jian Council.
  5082 | D:4      | Reached skill level 1 in Fighting
  5082 | D:4      | Reached skill level 5 in Spellcasting
  5083 | D:4      | Noticed Natasha
  5086 | D:4      | Killed Natasha
  5148 | D:4      | Noticed Natasha
  5149 | D:4      | Killed Natasha
  5194 | D:4      | Noticed Dowan
  5197 | D:4      | Noticed Duvessa
  5204 | D:4      | Killed Dowan
  5232 | D:4      | Mangled by Duvessa

Vault maps used:
D:1:      dpeg_arrival_water_fire, tso_metal_star
D:3:      portal_sewer_entry_b, first_ration, kennysheep_boxes
D:4:      cheibrodos_greedy_goblins, nicolae_overflow_hidden_temple,
          kennysheep_mini, lemuel_round_altar, overflow_temple_1_default,
          uniq_duvessa, uniq_eustachio, uniq_natasha
Sewer:    sewer_co_scattered_pipes

Skill      XL: |  1  2  3  4  5  6  7 |
---------------+----------------------+-----
Air Magic      | 5 6 7 8 |  8.0
Spellcasting   | 3 4 5 |  5.1
Fighting       | 1 |  1.5
Dodging        | 3 |  3.6
Stealth        | |  2.0
Conjurations   | |  1.3

Action                   |  1- 3 |  4- 6 |  7- 9 || total
-------------------------+-------+-------+-------++-------
Melee: Unarmed           |    18 |       |       ||    18
       Kick              |     3 |       |       ||     3
       Peck              |     3 |       |       ||     3
 Fire: Blowgun           |       |    12 |     6 ||    18
 Cast: Shock             |    79 |   113 |    45 ||   237
       Airstrike         |       |     4 |       ||     4
  Use: Scroll            |       |     7 |     2 ||     9
  Eat: Chunk             |     4 |     6 |     2 ||    12
       Ration            |       |     1 |       ||     1
Armor: Robe              |    12 |     6 |     1 ||    19
Dodge: Dodged            |    35 |    33 |    14 ||    82

Table legend:
 A = Spawn XP
 B = Non-spawn XP
 C = Spawn XP percentage of total XP
 D = Spawn monster count
 E = Non-spawn monster count
 F = Spawn count percentage of total count
 G = Total turns spent on level
                    A         B        C        D         E        F      G
               +---------+---------+-------+---------+---------+-------+---------
         Total |       0 |    1000 |   0.0 |       0 |     130 |   0.0 |  5232
               +---------+---------+-------+---------+---------+-------+---------
           D:1 |       0 |      40 |   0.0 |       0 |      21 |   0.0 |  1038
           D:2 |       0 |      57 |   0.0 |       0 |      22 |   0.0 |  1238
           D:3 |       0 |     252 |   0.0 |       0 |      36 |   0.0 |  1204
           D:4 |       0 |     611 |   0.0 |       0 |      32 |   0.0 |   662
         Sewer |       0 |      40 |   0.0 |       0 |      19 |   0.0 |  1090
               +---------+---------+-------+---------+---------+-------+---------
